 Dungeon Crawl Stone Soup version 0.31.0-4-g52a2dc7128 (webtiles) character file.

Game seed: 12961003890027282520

104 stipulation the Ruffian (level 4, -4/38 HPs)
             Began as a Ghoul Monk on Jan 21, 2024.
             Slain by a gnoll
             ... wielding a +1 whip of electrocution
             ... led by a gnoll bouda
              (8 damage)
             ... on level 3 of the Dungeon.
             The game lasted 00:00:58 (1638 turns).

stipulation the Ruffian (Ghoul Monk)                Turns: 1638, Time: 00:00:59

Health: -4/38      AC:  3    Str: 16    XL:     4   Next: 80%
Magic:  4/4        EV: 12    Int:  9    God:
Gold:   143        SH:  0    Dex: 11    Spells: 3/3 levels left

rFire   . .          .
                       - Unarmed
rCold   + . .        c - orb {light}
rNeg    + + +        a - +0 robe
rPois   ∞            (no helmet)
rElec   .            k - +0 cloak
rCorr   .            (no gloves)
SInv    .            (no boots)
Will    .....        (no amulet)
Stlth   +            (no ring)
HPRegen 0.00/turn    (no ring)
MPRegen 0.09/turn

%: no passive effects
@: weakened, inhibited regen, glowing
A: claws 1, cold resistance 1, negative energy resistance 3, inhibited
regeneration, torment resistance 2, devour on kill
a: no special abilities


You were on level 3 of the Dungeon.
You visited 1 branch of the dungeon, and saw 3 of its levels.

You collected 143 gold pieces.

Inventory:

Armour
 a - a +0 robe (worn)
 c - an orb of light (worn)
 k - a +0 cloak (worn)
Scrolls
 d - 3 scrolls of identify {unknown}
 e - 2 scrolls of teleportation {unknown}
 g - a scroll of revelation {unknown}
 h - a scroll of fog {unknown}
 j - a scroll of amnesia {unknown}
 l - a scroll of brand weapon {unknown}
Potions
 b - a potion of ambrosia
 f - 4 potions of curing {unknown}
 i - a potion of cancellation {unknown}


   Skills:
 - Level 3.2 Fighting
 - Level 2.6 Dodging
 + Level 5.9 Unarmed Combat


You had 3 spell levels left.
You didn't know any spells.
Your spell library contained the following spells:

 Spells                   Type           Power      Damage    Failure   Level
 Apportation              Tloc           0%         N/A       38%         1
 Necrotise                Necr           0%         1d4       38%         1
 Slow                     Hex            0%         N/A       38%         1
 Sting                    Conj/Alch      0%         1d3       38%         1
 Summon Small Mammal      Summ           0%         N/A       38%         1
 Ensorcelled Hibernation  Hex/Ice        0%         N/A       52%         2
 Jinxbite                 Hex            0%         N/A       52%         2
 Confusing Touch          Hex            0%         N/A       77%         3
 Passwall                 Erth           0%         N/A       77%         3
 Sigil of Binding         Hex            0%         N/A       77%         3
 Swiftness                Air            0%         N/A       77%         3
 Vampiric Draining        Necr           0%         2d6       77%         3
 Petrify                  Alch/Erth      0%         N/A       99%         4
 Irradiate                Conj/Alch      0%         3d11      100%        5
 Yara's Violent Unravell  Hex/Alch       0%         3d3       100%        5
 Enfeeble                 Hex            0%         N/A       100%        7
 Sublimation of Blood     Necr           Unusable   N/A       N/A         2

Dungeon Overview and Level Annotations

Branches:
Dungeon (3/15)

Altars:


Innate Abilities, Weirdness & Mutations

You are immune to poison.
You have sharp fingernails.
Your flesh is cold resistant. (rC+)
You are immune to negative energy. (rN+++)
You do not regenerate when monsters are visible.
You are immune to unholy pain and torment.
You thrive by killing the living.


Message History

You scratch the gnoll.
The gnoll is moderately wounded.
The gnoll hits you with a +1 whip of electrocution.
The gnoll bouda gazes fiercely through you!
You feel as though you will be weak longer.
You are too injured to fight recklessly!
You are too injured to fight recklessly!
You are too injured to fight recklessly!
You are too injured to fight recklessly!
You are too injured to fight recklessly!
You are too injured to fight recklessly!
You are too injured to fight recklessly!
You are too injured to fight recklessly!
You are too injured to fight recklessly!
You are too injured to fight recklessly!
You are too injured to fight recklessly!
You are too injured to fight recklessly!
You are too injured to fight recklessly!
You are too injured to fight recklessly!
You are too injured to fight recklessly!
You are too injured to fight recklessly!
You are too injured to fight recklessly!
You are too injured to fight recklessly!
You are too injured to fight recklessly!
A gnoll comes into view. It is wielding a +0 halberd.
The gnoll shouts!
The gnoll closely misses you.
The gnoll bouda barks out a call to the hunt!
The gnolls pick up the pace!
You hear a shout!
The gnoll barely misses you. The gnoll attacks as it pursues you!
The gnoll hits you with a +1 whip of electrocution!
The gnoll attacks as it pursues you! The gnoll closely misses you.
The gnoll attacks as it pursues you!
The gnoll hits you with a +1 whip of electrocution.
You are electrocuted!
* * * LOW HITPOINT WARNING * * *
The gnoll attacks as it pursues you!
The gnoll hits you with a +1 whip of electrocution!
You die...

....# ###.# ..#.# #.
#.#.# #g# #.#.# #.#
#.#.# ### #.# #.#.#
...#.#
#.#†#####.#g############
#.#.#<>......g.g@.......
#.#.#...#.#..g##########
#.#.#.............#
#.#.#......)......#
#.#.#....#........#
#.#.#.......).....#
#.#.##########..###
#.#...........#.#
#.###########.#..#


You could see a gnoll bouda and 3 gnolls.

Vanquished Creatures
  5 gnolls
  An adder (D:2)
  4 endoplasms
  3 hobgoblins
  6 quokkas
  A ball python (D:2)
  2 bats (D:1)
  2 frilled lizards
  4 goblins
  3 kobolds
  24 rats
55 creatures vanquished.

Notes
Turn   | Place    | Note
-------+----------+-------------------------------------------
     0 | D:1      | stipulation the Ghoul Monk began the quest for the Orb.
     0 | D:1      | Reached XP level 1. HP: 19/19 MP: 1/1
    73 | D:1      | Found a faded altar of an unknown god.
   123 | D:1      | Reached XP level 2. HP: 26/26 MP: 2/2
   191 | D:1      | Reached skill level 4 in Unarmed Combat
   265 | D:1      | Reached XP level 3. HP: 7/31 MP: 3/3
   926 | D:2      | Reached skill level 5 in Unarmed Combat
   939 | D:2      | Reached XP level 4. HP: 19/38 MP: 4/4
  1638 | D:3      | Slain by a gnoll

Illustrated notes

Levels and vault maps discovered:
D:1:      saegor_arrival_simple_e, layout_basic,
          chequers_ecumenical_altar_simple_redux, serial_bayou_ford_a
D:2:      layout_loops_ring, minmay_rat_hole
D:3:      layout_basic, minitemple

Skill      XL: |  1  2  3 |
---------------+----------+-----
Unarmed Combat | 4 5 |  5.9
Fighting       | |  3.2
Dodging        | |  2.6

Action                     |  1- 3 |  4- 6 || total
---------------------------+-------+-------++-------
  Melee: Unarmed           |    73 |    45 ||   118
 Armour: Robe              |    32 |    22 ||    54
  Dodge: Dodged            |    40 |    18 ||    58
